 Dungeon Crawl Stone Soup version 0.27-a0-1456-gf5a116941d (webtiles) character file.

Game seed: 16604880669269217934

88522 quinnr the Cloud Mage (level 15, -4/86 HPs)
             Began as a Tengu Air Elementalist on July 5, 2021.
             Was a High Priest of Vehumet.
             Hit by a javelin thrown by a merfolk javelineer (26 damage)
             ... on level 2 of the Shoals on July 6, 2021.
             The game lasted 01:27:54 (37529 turns).

quinnr the Cloud Mage (Tengu Air Elementalist)     Turns: 37529, Time: 01:27:55

Health: -4/86      AC:  8    Str: 10    XL:     15   Next: 94%
Magic:  31/31      EV: 20    Int: 26    God:    Vehumet [*****.]
Gold:   253        SH:  7    Dex: 17    Spells: 0/36 levels left

rFire    + + +     SeeInvis +   K - staff of conjuration
rCold    + + +     Faith    .   E - +2 buckler {rF+}
rNeg     . . .     Spirit   .   O - +2 robe of the Sandy Monkey {rPois Str+6}
rPois    +         Reflect  .   (helmet restricted)
rElec    .         Harm     .   G - +2 cloak
rCorr    .         Rampage  .   j - +0 pair of gloves
Will     +....                  (boots unavailable)
Stlth    ++........             l - amulet of the acrobat
HPRegen  0.24/turn              e - ring "Wiecwot" {rF++ rC+++ Str-4 Int+6 Stlth-}
MPRegen  0.22/turn              r - ring of see invisible

@: flying quickly and evasively, studying Crossbows, quick
A: beak, talons 3, nimble flight
a: Renounce Religion


You were on level 2 of the Shoals.
You worshipped Vehumet.
Vehumet was extremely pleased with you.
You visited 5 branches of the dungeon, and saw 22 of its levels.

You collected 2288 gold pieces.
You spent 2035 gold pieces at shops.

Inventory:

Hand Weapons
 m - a +3 dagger of draining
Missiles
 n - 2 atropa-tipped darts
 t - 4 throwing nets
 L - 3 curare-tipped darts
Armour
 j - a +0 pair of gloves (worn)
 E - a +2 buckler of fire resistance (worn)
 G - a +2 cloak (worn)
 J - a +1 robe of resistance
 O - the +2 robe of the Sandy Monkey (worn) {rPois Str+6}
   (You found it on level 9 of the Dungeon)

   Str:       It affects your strength (+6).
   rPois:     It protects you from poison.
Magical Staves
 K - a staff of conjuration (weapon)
 R - a staff of conjuration
Jewellery
 c - a ring of wizardry
 d - the amulet "Urhit" {Spirit Stlth+}
   (You found it on level 4 of the Lair of Beasts)

   [amulet of guardian spirit]

   It causes incoming damage to be divided between your reserves of health and
   magic.
   Stlth:     It makes you more stealthy.
 e - the ring "Wiecwot" (left hand) {rF++ rC+++ Str-4 Int+6 Stlth-}
   (You bought it in a shop on level 2 of the Orcish Mines)

   [ring of intelligence]

   Str:       It affects your strength (-4).
   Int:       It affects your intelligence (+6).
   rF:        It greatly protects you from fire.
   rC:        It renders you almost immune to cold.
   Stlth:     It makes you less stealthy.
 f - a ring of positive energy
 k - a ring of protection from fire
 l - an amulet of the acrobat (around neck)
 r - a ring of see invisible (right hand)
 s - a ring of ice
 w - a ring of resist corrosion
 N - a +6 ring of intelligence
Wands
 o - a wand of polymorph (17)
 x - a wand of mindburst (11)
 B - a wand of digging (13)
 F - a wand of flame (43)
 H - a wand of acid (1)
 Z - a wand of iceblast (21)
Scrolls
 a - a scroll of holy word
 b - 6 scrolls of teleportation
 q - 3 scrolls of magic mapping
 y - a scroll of torment
 C - a scroll of enchant weapon
 D - 3 scrolls of fear
 Q - a scroll of silence
 U - 2 scrolls of enchant armour
 V - 3 scrolls of identify
Potions
 h - a potion of cancellation
 i - 3 potions of heal wounds
 p - 4 potions of berserk rage
 u - 4 potions of might
 v - 5 potions of attraction
 z - 2 potions of mutation
 A - 2 potions of ambrosia
 I - a potion of magic
 P - 9 potions of curing
 T - 3 potions of lignification
 Y - a potion of brilliance
Miscellaneous
 M - a piece from Xom's chessboard (15/15)
 S - a phial of floods


   Skills:
 + Level 7.5 Fighting
 - Level 2.0 Armour
 + Level 8.7 Dodging
 - Level 5.0 Stealth
 - Level 4.0 Shields
 + Level 11.1 Spellcasting
 + Level 12.2 Conjurations
 - Level 3.4 Summonings
 - Level 6.0 Ice Magic
 + Level 21.1 Air Magic
 - Level 4.0 Poison Magic
 - Level 5.3 Evocations


You couldn't memorise any spells.
You knew the following spells:

 Your Spells              Type           Power      Damage    Failure   Level
a - Shock                 Conj/Air       100%       1d9       0%          1
b - Airstrike             Air            45%        N/A       0%          4
c - Mephitic Cloud        Conj/Pois/Air  87%        N/A       1%          3
d - Poisonous Vapours     Pois/Air       100%       N/A       1%          2
e - Freezing Cloud        Conj/Ice/Air   45%        6-21      1%          5
f - Ignite Poison         Fire/Tmut/Pois 21%        N/A       1%          3
g - Alistair's Intoxicat  Tmut/Pois      16%        N/A       45%         5
h - Lightning Bolt        Conj/Air       50%        1d71      1%          5
i - Summon Lightning Spi  Summ/Air       68%        N/A       1%          4
j - Summon Ice Beast      Ice/Summ       39%        N/A       6%          4

Your spell library contained the following spells:

 Spells                   Type           Power      Damage    Failure   Level
 Iskenderun's Battlesphe  Conj           87%        2d13      1%          5
 Static Discharge         Conj/Air       100%       N/A       0%          2
 Swiftness                Air            90%        N/A       0%          3
 Magic Dart               Conj           100%       1d8       1%          1
 Call Imp                 Summ           32%        N/A       1%          2
 Conjure Flame            Conj/Fire      62%        6-21      1%          3
 Frozen Ramparts          Ice            90%        1d11      1%          3
 Ozocubu's Armour         Ice            45%        N/A       1%          3
 Sticky Flame             Conj/Fire      62%        2d8       1%          4
 Apportation              Tloc           28%        N/A       4%          1
 Beastly Appendage        Tmut           28%        N/A       4%          1
 Pain                     Necr           56%        1d6       4%          1
 Spider Form              Tmut/Pois      12%        N/A       5%          3
 Blink                    Tloc           N/A        N/A       6%          2
 Passwall                 Tmut/Erth      11%        N/A       6%          2
 Sublimation of Blood     Necr           7%         N/A       6%          2
 Wereblood                Tmut           14%        N/A       6%          2
 Lesser Beckoning         Tloc           7%         N/A       12%         3
 Ice Form                 Ice/Tmut       30%        N/A       12%         4
 Dispel Undead            Necr           14%        3d10      38%         4
 Ozocubu's Refrigeration  Ice            22%        4d9       56%         7
 Agony                    Necr           14%        N/A       75%         5
 Excruciating Wounds      Necr           7%         N/A       75%         5
 Manifold Assault         Tloc           14%        N/A       75%         5
 Invisibility             Hex            7%         N/A       99%         6
 Summon Hydra             Summ           16%        N/A       100%        7


Dungeon Overview and Level Annotations

Branches:
Dungeon (11/15)            Temple (1/1) D:4            Lair (6/6) D:11
 Shoals (2/4) Lair:2       Spider (0/4) Lair:4        Slime (0/5) Lair:5
    Orc (2/2) D:10            Elf (0/3) Orc:2

Altars:
Ashenzari
Cheibriados
Dithmenos
Elyvilon
Fedhas
Gozag
Hepliaklqana
Kikubaaqudgha
Makhleb
Nemelex Xobeh
Okawaru
Qazlal
Ru
Sif Muna
Trog
Uskayaw
Vehumet
Wu Jian
Xom
Yredelemnul
Zin
The Shining One
Beogh
Jiyva

Shops:
D:4 (   D:6 **=:   Orc:2 ?:(=   Shoals:2 *


Innate Abilities, Weirdness & Mutations

You have a beak for a mouth.
You have claws for feet.
Your magical nature lets you fly swiftly and evasively.


Message History

The silver javelin completely misses you.
The merfolk javelineer throws a javelin.
The javelin completely misses you.
The merfolk javelineer throws a silver javelin.
The silver javelin pierces through you.
There is a stone staircase leading up here.
The merfolk javelineer throws a silver javelin.
The silver javelin pierces through you!!
* * * LOW HITPOINT WARNING * * *
x2 The merfolk javelineer throws a javelin.
The javelin pierces through you!
* * * LOW HITPOINT WARNING * * *
You fly upwards.
There is a stone staircase leading down here.
You start resting.
Magic restored.
You start resting.
HP restored.
You fly downwards.
The merfolk javelineer throws a silver javelin.
The silver javelin pierces through you!!
The merfolk javelineer throws a javelin.
The javelin pierces through you!!
The merfolk javelineer throws a silver javelin.
The silver javelin pierces through you!
* * * LOW HITPOINT WARNING * * *
x2 The merfolk javelineer throws a javelin.
The javelin barely misses you.
There is a stone staircase leading up, spattered with blood here.
Unknown command.
Unknown command.
Unknown command.
Okay, then.
As you read the scroll of fog, it crumbles to dust.
The scroll dissolves into smoke.
The merfolk javelineer throws a silver javelin.
The silver javelin closely misses you.
The merfolk javelineer throws a javelin.
The javelin pierces through you!!
You die...

≈≈.≈≈≈≈.≈≈≈≈≈≈≈(≈≈≈≈)≈≈≈≈≈≈≈≈≈≈≈.
≈≈≈≈≈≈≈≈≈.≈≈≈≈≈m≈≈≈≈≈...≈..≈≈≈≈≈≈
≈≈≈≈≈≈≈≈≈≈≈≈≈≈≈≈≈≈m...#......≈≈≈≈
≈≈≈≈≈≈≈≈≈≈≈≈.................≈≈≈≈
≈≈≈≈≈≈≈≈≈≈≈.............###...≈≈≈
..≈≈≈≈≈≈≈≈..............###...≈≈≈
##.≈≈≈≈≈≈.........§...........≈≈≈
#.≈≈≈≈≈≈......§§§............≈≈≈
##.≈≈≈≈≈≈...∩^.§@§...........≈≈≈≈
...≈≈≈≈≈≈.....§§§§...≈≈≈..≈≈≈≈≈≈≈
..≈≈≈≈≈≈≈≈.....§.....≈≈≈≈≈≈≈≈≈≈≈≈
≈≈≈≈≈≈≈≈≈.....>......≈≈≈≈≈≈≈≈≈≈≈≈
≈≈≈≈≈≈≈≈≈...<.......≈≈≈≈≈≈≈≈≈≈≈≈≈
.≈≈≈≈≈≈≈≈....^.)....≈≈≈≈≈≈≈≈≈≈≈≈≈
≈≈≈≈≈≈≈≈≈≈≈.......≈≈≈≈≈≈≈≈≈≈≈≈≈≈≈
≈≈≈≈≈≈≈≈≈≈≈......≈≈≈≈≈≈≈≈≈≈≈≈≈≈≈≈
≈≈≈≈≈≈≈≈≈≈≈≈..≈≈≈≈≈≈≈≈≈≈≈≈≈≈≈≈≈≈≈


You could see 2 merfolk javelineers.

Vanquished Creatures
  2 krakens
  A merfolk impaler (Shoals:2)
  2 fire dragons (Lair:6)
  3 boulder beetles
  Erolcha (Orc:2)
  2 ogre magi (Orc:2)
  9 hydras
  A catoblepas (Shoals:2)
  3 two-headed ogres
  Erica (Lair:2)
  A merfolk aquamancer (Shoals:2)
  4 death yaks
  Sonja (Lair:1)
  Nergalle (Lair:1)
  A fire crab (Shoals:1)
  4 sea snakes
  An orc knight (Orc:2)
  An orb spider (Lair:4)
  A swamp dragon (Lair:6)
  A lindwurm (Lair:6)
  7 orc sorcerers (Orc:2)
  4 manticores (Shoals:2)
  6 fauns
  14 elephants
  7 merfolk sirens
  4 torpor snails (Lair:6)
  4 black mambas
  2 gargoyles (D:10)
  2 water nymphs
  13 cane toads
  13 komodo dragons
  A rime drake (Lair:5)
  9 merfolk
  3 tyrant leeches (Lair:6)
  8 hornets
  2 trolls
  A wind drake (Shoals:2)
  Grinder (D:6)
  5 polar bears
  21 blink frogs
  3 snapping turtles
  7 dream sheep (Lair:6)
  A spriggan (Lair:5)
  2 shadows (D:10)
  41 yaks
  2 water elementals (Shoals:2)
  3 wyverns
  6 steam dragons
  3 fire bats (Shoals:1)
  Eustachio (D:6)
  5 basilisks
  3 acid dragons
  2 wargs (Orc:2)
  12 water moccasins
  A swamp drake (Lair:6)
  7 black bears
  17 orc warriors
  A necrophage (D:5)
  9 ogres
  4 centaurs
  6 wolves
  Blork the orc (D:6)
  3 gnoll sergeants (D:10)
  8 kobold brigands
  13 bullfrogs
  2 scorpions
  A wyvern skeleton (D:5)
  3 killer bees (D:7)
  2 water moccasin skeletons (D:6)
  3 howler monkeys
  3 centaur zombies
  4 hounds
  A bullfrog zombie (D:6)
  11 orc priests
  A jelly (D:7)
  Crazy Yiuf (D:6)
  A centaur skeleton (D:7)
  5 iguanas
  23 orc wizards
  6 hell rats (Lair:3)
  A hound skeleton (D:3)
  2 howler monkey zombies
  A howler monkey skeleton (D:5)
  15 gnolls
  3 adders
  A shadow imp (D:7)
  4 white imps
  An ufetubus (D:5)
  An adder skeleton (D:4)
  2 dart slugs (D:4)
  43 orcs
  7 bats
  4 endoplasms
  4 giant cockroaches
  3 hobgoblins
  4 jackals
  27 kobolds
  8 quokkas
  10 ball pythons
  3 frilled lizards
  5 goblins
  8 rats
  2 tentacles
555 creatures vanquished.

Vanquished Creatures (collateral kills)
  Polyphemus (Shoals:2)
  A catoblepas (Lair:6)
  A merfolk avatar (Shoals:2)
  A lindwurm (Lair:6)
  A faun (Shoals:2)
  3 elephants (Lair:5)
  A black mamba (Lair:5)
  A torpor snail (Lair:6)
  A cane toad (Lair:5)
  A komodo dragon (Lair:1)
  A water elemental (Shoals:2)
  An orc warrior (Orc:2)
  An orc priest (Orc:2)
  An orc wizard (Orc:2)
16 creatures vanquished.

Vanquished Creatures (others)
  Ilsuiw (Shoals:2)
  2 bushes
  38 fungi
  135 plants
  7 tentacles
183 creatures vanquished.

Grand Total: 754 creatures vanquished

Notes
Turn   | Place    | Note
-------+----------+-------------------------------------------
     0 | D:1      | quinnr the Tengu Air Elementalist began the quest for the
                  | Orb.
     0 | D:1      | Reached XP level 1. HP: 10/10 MP: 4/4
   265 | D:1      | Reached XP level 2. HP: 15/15 MP: 4/6
   412 | D:1      | Reached skill level 5 in Air Magic
   520 | D:1      | Found a faded altar of an unknown god.
   994 | D:1      | Reached XP level 3. HP: 19/19 MP: 7/7
  1793 | D:3      | Reached skill level 6 in Air Magic
  1929 | D:3      | Reached XP level 4. HP: 16/24 MP: 3/8
  2649 | D:4      | Noticed a scorpion
  2665 | D:4      | Killed a scorpion
  2666 | D:4      | Reached skill level 7 in Air Magic
  2666 | D:4      | Gained mutation: Your magical nature lets you fly swiftly
                  | and evasively. [Tengu growth]
  2666 | D:4      | Reached XP level 5. HP: 28/28 MP: 2/9
  3028 | D:4      | Reached skill level 8 in Air Magic
  3048 | D:4      | Learned a level 4 spell: Airstrike
  3123 | D:4      | Found a staircase to the Ecumenical Temple.
  3141 | Temple   | Entered the Ecumenical Temple
  3190 | Temple   | Became a worshipper of Vehumet
  3344 | D:4      | Found Guefiala's Antique Weapon Boutique.
  3747 | D:4      | Reached XP level 6. HP: 32/32 MP: 6/10
  4302 | D:5      | Entered Level 5 of the Dungeon
  4302 | D:5      | Noticed a black bear
  4304 | D:5      | Killed a black bear
  4305 | D:5      | Reached skill level 9 in Air Magic
  4757 | D:5      | Reached skill level 10 in Air Magic
  4757 | D:5      | Reached XP level 7. HP: 36/36 MP: 4/11
  6226 | D:5      | Reached XP level 8. HP: 41/41 MP: 10/13
  6370 | D:6      | Found Sobeczil's Book Emporium.
  6370 | D:6      | Found Ilotz's Jewellery Emporium.
  6511 | D:6      | Noticed Eustachio
  6520 | D:6      | Killed Eustachio
  6521 | D:6      | Reached skill level 11 in Air Magic
  6628 | D:6      | Found a runed translucent door.
  6629 | D:6      | Noticed Crazy Yiuf
  7207 | D:6      | Found Plog's General Store.
  7207 | D:6      | Found Nyett's Assorted Antiques.
  7215 | D:6      | Bought a book of Vapours for 260 gold pieces
  7219 | D:6      | Learned a level 3 spell: Mephitic Cloud
  7222 | D:6      | Learned a level 2 spell: Poisonous Vapours
  7228 | D:6      | Learned a level 5 spell: Freezing Cloud
  7236 | D:6      | Bought a scroll labelled WASHEU HAEJA for 32 gold pieces
  7236 | D:6      | Bought a ruby potion for 28 gold pieces
  7240 | D:6      | Bought a scroll of identify for 24 gold pieces
  7276 | D:6      | Reached skill level 12 in Air Magic
  7282 | D:6      | Noticed Blork the orc
  7292 | D:6      | Killed Blork the orc
  7393 | D:6      | Reached * piety under Vehumet
  7393 | D:6      | Offered knowledge of Magic Dart by Vehumet.
  7644 | D:6      | Noticed Grinder
  7654 | D:6      | Killed Grinder
  7655 | D:6      | Reached skill level 13 in Air Magic
  7666 | D:6      | Reached XP level 9. HP: 22/45 MP: 0/16
  8435 | D:6      | Killed Crazy Yiuf
  8831 | D:7      | Reached skill level 1 in Armour
  9202 | D:7      | Reached skill level 1 in Evocations
  9510 | D:7      | Reached skill level 14 in Air Magic
 10184 | D:7      | quinnr: ??mephetic cloud
 10184 | D:7      | beem: mephetic cloud ~ mephitic cloud[1/7]: Fills the
                  | target square and some of the adjacent squares with clouds
                  | of noxious fumes. Any creature breathing these fumes may
                  | become {confused} unless resistant to poison and/or
                  | confusion. Conjurations/Poison/Air 3. Loud.
 10184 | D:7      | quinnr: ??mephetic cloud[2
 10184 | D:7      | beem: mephetic cloud ~ mephitic cloud[2/7]: You will only
                  | be confused on a given turn if a random number from 1 to 27
                  | is greater than or equal to your experience level. The
                  | formula for determining whether a monster will resist the
                  | effect of a mephitic cloud is HD/21, with a flat 98% chance
                  | to resist at or above HD 21.
 10184 | D:7      | quinnr: ??mephetic cloud[3
 10184 | D:7      | beem: mephetic cloud ~ mephitic cloud[3/7]: Will not expand
                  | diagonally if the vertical and horizontal are blocked by
                  | walls.
 10314 | D:8      | Reached skill level 1 in Fighting
 10314 | D:8      | Offered knowledge of Freeze by Vehumet.
 10316 | D:8      | Reached ** piety under Vehumet
 10852 | D:9      | Identified the +2 robe of the Sandy Monkey {rPois Str+6}
 11026 | D:9      | Reached XP level 10. HP: 56/56 MP: 1/17
 11320 | D:9      | Reached skill level 1 in Poison Magic
 11324 | D:9      | Reached skill level 1 in Ice Magic
 12013 | D:10     | Entered Level 10 of the Dungeon
 12203 | D:10     | Noticed a two-headed ogre
 12222 | D:10     | Killed a two-headed ogre
 12247 | D:9      | Reached skill level 5 in Spellcasting
 12526 | D:10     | Noticed a two-headed ogre
 12534 | D:10     | Killed a two-headed ogre
 12897 | D:10     | Noticed a gargoyle
 13093 | D:10     | Found a staircase to the Orcish Mines.
 13117 | D:10     | Reached XP level 11. HP: 57/61 MP: 2/22
 13138 | D:10     | Offered knowledge of Searing Ray by Vehumet.
 13657 | D:10     | Reached *** piety under Vehumet
 14159 | D:10     | Found a hide-covered altar of Uskayaw.
 14163 | D:10     | Found a sacrificial altar of Ru.
 14163 | D:10     | Found a sparkling altar of Nemelex Xobeh.
 14163 | D:10     | Found a shimmering altar of Xom.
 14170 | D:10     | Found a blossoming altar of Fedhas.
 14175 | D:10     | Found a snail-covered altar of Cheibriados.
 14368 | D:11     | Noticed a six-headed hydra
 14380 | D:11     | Killed a six-headed hydra
 14544 | D:11     | Noticed a two-headed ogre
 14549 | D:11     | Killed a two-headed ogre
 14708 | D:11     | Reached skill level 5 in Fighting
 14828 | D:11     | Identified the +5 hunting sling "Spiderbane" {vorpal,
                  | Dex+4}
 14841 | D:11     | Offered knowledge of Iskenderun's Mystic Blast by Vehumet.
 15000 | D:11     | Found a staircase to the Lair.
 15064 | D:11     | Noticed an eight-headed hydra
 15068 | D:11     | Killed an eight-headed hydra
 15069 | D:11     | Reached skill level 5 in Dodging
 15358 | Lair:1   | Entered Level 1 of the Lair of Beasts
 16000 | Lair:1   | Reached skill level 15 in Air Magic
 16039 | Lair:1   | Noticed Nergalle
 16283 | Lair:1   | Killed Nergalle
 16284 | Lair:1   | Reached XP level 12. HP: 59/70 MP: 2/25
 16721 | Lair:1   | Reached skill level 16 in Air Magic
 17383 | Lair:1   | Noticed Sonja
 17386 | Lair:1   | Killed Sonja
 17531 | Lair:1   | quinnr: ??distortion
 17531 | Lair:1   | beem: distortion[1/6]: A weapon brand. When it hits,
                  | inflicts a random option from "1-7 bonus damage" (35%
                  | chance), "3-26 bonus damage" (25%), blink (20%), or banish
                  | (5%). When you unwield, you suffer wild translocation
                  | effects - 50% chance of teleport near monsters, 25%
                  | banishment, 25% severe contam.
 17726 | Lair:2   | Reached skill level 5 in Conjurations
 17975 | Lair:2   | Noticed a boulder beetle
 17983 | Lair:2   | Killed a boulder beetle
 17984 | Lair:2   | Reached skill level 5 in Ice Magic
 18321 | Lair:2   | Found a staircase to the Shoals.
 19086 | Lair:2   | Reached **** piety under Vehumet
 19087 | Lair:2   | Reached skill level 17 in Air Magic
 19121 | Lair:2   | Noticed an eight-headed hydra
 19125 | Lair:2   | Killed an eight-headed hydra
 19125 | Lair:2   | Offered knowledge of Frozen Ramparts by Vehumet.
 19432 | Lair:2   | Noticed Erica
 19435 | Lair:2   | Killed Erica
 19436 | Lair:2   | Reached XP level 13. HP: 74/74 MP: 13/27
 19578 | Lair:2   | Learned a level 3 spell: Ignite Poison
 19840 | Lair:3   | Reached skill level 10 in Spellcasting
 20053 | Lair:3   | Reached skill level 18 in Air Magic
 20345 | Lair:3   | You are sucked into a shaft and drop 1 floor!
 20450 | Lair:4   | Identified the amulet "Urhit" {Spirit Stlth+}
 20460 | Lair:4   | quinnr: ??alistar's intoxication
 20460 | Lair:4   | beem: alistar's intoxication ~ alistair's
                  | intoxication[1/1]: L5 Transmutation-Poison spell. Has a (40
                  | + power/3)% (max 73%) chance of confusing each natural,
                  | non-poison resistant monster in line of sight with greater
                  | than animal intelligence; 1/3 chance of making this check
                  | on rPois monsters. Inflicts {vertigo} on the caster.
 20460 | Lair:4   | quinnr: ??vertigo
 20460 | Lair:4   | beem: vertigo[1/1]: A short-lived status (3-6 turns) caused
                  | by casting {Alistair's Intoxication} or from Xom. The
                  | effect is about the same as wearing heavier armour:
                  | decreased EV, increased spellcasting failure, and decreased
                  | accuracy.
 20466 | Lair:4   | Learned a level 5 spell: Alistair's Intoxication
 20475 | Lair:4   | Found a hole to the Spider Nest.
 20800 | Lair:4   | Reached skill level 19 in Air Magic
 21254 | Lair:4   | Reached ***** piety under Vehumet
 21254 | Lair:4   | Offered knowledge of Irradiate by Vehumet.
 22653 | Lair:3   | Reached skill level 20 in Air Magic
 23600 | Lair:3   | Learned a level 5 spell: Lightning Bolt
 23605 | Lair:3   | Learned a level 4 spell: Summon Lightning Spire
 24160 | Lair:5   | Reached XP level 14. HP: 80/80 MP: 12/29
 24272 | Lair:5   | Reached skill level 1 in Summonings
 24683 | Lair:5   | Reached skill level 5 in Stealth
 24685 | Lair:5   | Reached skill level 5 in Evocations
 25739 | Lair:5   | Found a viscous altar of Jiyva.
 25739 | Lair:5   | Found a staircase to the Slime Pits.
 26000 | Lair:6   | Entered Level 6 of the Lair of Beasts
 26047 | Lair:6   | Reached skill level 1 in Shields
 26496 | Lair:6   | Found a runed translucent door.
 28168 | Lair:6   | Reached skill level 10 in Conjurations
 30041 | Orc:1    | Entered Level 1 of the Orcish Mines
 30140 | Orc:2    | Entered Level 2 of the Orcish Mines
 31046 | Orc:2    | Found a staircase to the Elven Halls.
 31401 | Orc:2    | Paralysed by an orc sorcerer for 7 turns
 31403 | Orc:2    | Reached XP level 15. HP: 84/84 MP: 19/30
 31525 | Orc:2    | Offered knowledge of Eringya's Noxious Bog by Vehumet.
 31526 | Orc:2    | quinnr: ??ignite poison
 31526 | Orc:2    | beem: ignite poison[1/3]: Damages poisoned (but not merely
                  | poisonous) creatures (excluding you) and turns meph/poison
                  | clouds into flame. L3 Fire/Tmut/Poison.
 31526 | Orc:2    | quinnr: ??ignite poison[2
 31526 | Orc:2    | beem: ignite poison[2/3]: In 0.16 and earlier, was a L5
                  | Fire/Tmut spell that damages all (excluding you) in LOS
                  | that leave poisonous corpses or are poisoned (+cures it).
                  | Turns poison/str.poison/degen potions and poisoned
                  | ammo/corpses (excluding your inventory) to flame clouds.
 31526 | Orc:2    | quinnr: ??ignite poison[3
 31526 | Orc:2    | beem: ignite poison[3/3]: As of 0.19, damage is (2*severity
                  | of monster's poisoning)d(12 + (spellpower*6/100)).
 31763 | Orc:2    | Found Uropliun's Magic Scroll Boutique.
 31804 | Orc:2    | Found a radiant altar of Vehumet.
 31809 | Orc:2    | Noticed Erolcha
 31813 | Orc:2    | Killed Erolcha
 32183 | Orc:2    | Found an ancient bone altar of Kikubaaqudgha.
 32496 | Orc:2    | Paralysed by an orc sorcerer for 3 turns
 32568 | Orc:2    | Found Tuxt's Jewellery Boutique.
 32572 | Orc:2    | Found Inozuomi's Book Shop.
 32580 | Orc:2    | Found Tolisyuf's Antique Weapon Boutique.
 32597 | Orc:2    | Bought the ring "Wiecwot" {rF++ rC+++ Str-4 Int+6 Stlth-}
                  | for 1691 gold pieces
 32798 | Shoals:1 | Entered Level 1 of the Shoals
 33950 | Shoals:1 | Noticed a kraken
 33960 | Shoals:1 | Killed a kraken
 35350 | Shoals:2 | Noticed Ilsuiw
 36033 | Shoals:2 | Noticed Polyphemus
 36040 | Shoals:2 | Killed Polyphemus
 36172 | Shoals:2 | Offered knowledge of Iskenderun's Battlesphere by Vehumet.
 36377 | Shoals:2 | Reached skill level 21 in Air Magic
 36647 | Shoals:2 | Learned a level 4 spell: Summon Ice Beast
 36835 | Shoals:2 | Found Eyfronou's Eclectic Emporium.
 36880 | Shoals:2 | Noticed a kraken
 36890 | Shoals:2 | Killed a kraken
 37176 | Shoals:2 | Killed Ilsuiw
 37193 | Shoals:2 | HP: 6/86 [merfolk javelineer/javelin (12)]
 37529 | Shoals:2 | Hit by a javelin thrown by a merfolk javelineer

Illustrated notes

Levels and vault maps discovered:
D:1:      giann_wishing_wells, layout_loops_ring, basic_ecumenical_altar,
          kennysheep_crisscross
D:2:      layout_rooms, minmay_three_crescents
D:3:      layout_rooms, dk_noncrumbling_3
D:4:      layout_basic, minmay_temple_entry_sparse_star, serial_shops,
          nicolae_stop_n_shop_2
D:5:      layout_layer_cave, chequers_serial_rivers_large_b,
          minmay_misc_feat_ornament
D:6:      layout_cave_pools, serial_glass, glass_columns_a, glass_columns_c,
          minmay_shop_grid_forest, minmay_manual_mail, uniq_grinder,
          uniq_crazy_yiuf_cottage, uniq_eustachio, uniq_blork_the_orc
D:7:      layout_basic, kennysheep_flooded_box
D:8:      layout_rooms
D:9:      layout_irregular_city
D:10:     layout_cave_pools, minmay_overflow_temple_hex,
          kennysheep_orc_monster_closet_entryway, minmay_starry_boxes
D:11:     layout_rooms, lair_entry_dummy, grunt_ministairs_12
Temple:   minmay_temple_bridge_d
Lair:1:   layout_roguey, cheibrodos_lair_lostbears, uniq_sonja, uniq_nergalle
Lair:2:   layout_cave_pods, shoals_dummy_entry, enter_volcano_4,
          nzn_sisyphean_effort, uniq_erica
Lair:3:   nzn_winding_woodlands_stair_trap
          [nzn_winding_woodlands_5x15_concentric,
          nzn_winding_woodlands_5x15_pathside_ponds,
          nzn_winding_woodlands_5x15_lazy_stream,
          nzn_winding_woodlands_15x15_killbox,
          nzn_winding_woodlands_5x15_sidewinder,
          nzn_winding_woodlands_5x15_cabin, nzn_winding_woodlands_5x15_pockets],
          layout_regular_city, serial_bayou_shore_a
Lair:4:   layout_cave_pods, nicolae_spider_entry_orb_guardian
Lair:5:   layout_small_grid, slime_altar_1, chequers_serial_rivers_small_a,
          grunt_forest_stairs_clearing, grunt_megastairs_1, lemuel_fruit_tree
Lair:6:   wormcave, layout_gridlike, guppyfry_lair_end_dragon,
          lemuel_fruit_fields
Shoals:1: layout_shoals, hangedman_shoal_volcano
Shoals:2: layout_shoals, nicolae_alphabet_shops, uniq_ilsuiw, uniq_polyphemus
Orc:1:    layout_caves
Orc:2:    kennysheep_orc_mage_school, layout_diamond_mine, minmay_orc_temple_a

Skill      XL: |  1  2  3  4  5  6  7  8  9 10 11 12 13 14 15 |
---------------+----------------------------------------------+-----
Air Magic      | 5 6 7 8 10 13 14 15 17 20 21 | 21.1
Conjurations   | 2 4 5 10 12 | 12.2
Stealth        | 3 4 5 |  5.0
Dodging        | 3 6 7 8 |  8.7
Spellcasting   | 3 4 6 8 9 10 11 | 11.1
Armour         | 2 |  2.0
Evocations     | 4 5 |  5.3
Fighting       | 4 6 7 |  7.5
Poison Magic   | 4 |  4.0
Ice Magic      | 4 5 6 |  6.0
Summonings     | 3 |  3.4
Shields        | 4 |  4.0

Action                   |  1- 3 |  4- 6 |  7- 9 | 10-12 | 13-15 || total
-------------------------+-------+-------+-------+-------+-------++-------
Melee: Dagger            |    14 |    13 |    14 |    24 |     6 ||    71
       Kick              |     3 |     1 |     3 |    21 |    10 ||    38
       Unarmed           |     1 |       |       |       |       ||     1
       Peck              |       |       |     3 |     9 |     2 ||    14
       Staff             |       |       |       |    19 |    16 ||    35
 Cast: Shock             |    78 |    93 |    68 |    60 |    86 ||   385
       Airstrike         |       |     8 |    78 |   175 |   277 ||   538
       Poisonous Vapours |       |       |    16 |    19 |    17 ||    52
       Mephitic Cloud    |       |       |     9 |     8 |     1 ||    18
       Freezing Cloud    |       |       |       |    35 |   188 ||   223
       Ignite Poison     |       |       |       |       |     3 ||     3
       Lightning Bolt    |       |       |       |       |    58 ||    58
       Summon Lightning  |       |       |       |       |    22 ||    22
       Summon Ice Beast  |       |       |       |       |     3 ||     3
Evoke: Wand              |       |       |     1 |    10 |    12 ||    23
       Phial of floods   |       |       |       |       |     1 ||     1
  Use: Scroll            |       |     1 |     1 |    19 |     9 ||    30
       Potion            |       |       |     1 |       |     2 ||     3
 Stab: Sleeping          |     2 |       |       |       |       ||     2
       Confused          |       |       |       |     2 |       ||     2
Armor: Robe              |     3 |     4 |     4 |    47 |    10 ||    68
Dodge: Dodged            |     8 |    13 |    24 |   104 |    79 ||   228
Block: Buckler           |       |       |       |       |    16 ||    16

Table legend: (Time is in decaauts)
 A = Elapsed time spent in this place.
 B = Non-inter-level travel time spent in this place.
 C = Inter-level travel time spent in this place.
 D = Time resting spent in this place.
 E = Time spent auto-exploring this place.
 F = Levels seen in this place.
 G = Mean time per level.
                   A        B        C        D        E       F      G
               +--------+--------+--------+--------+--------+-----+--------+
         Total |  36110 |  34612 |   1498 |  10460 |  20091 |  22 | 1641.4 |
       Dungeon |  15601 |  15046 |    555 |   3072 |  10369 |  11 | 1418.3 |
        Temple |    126 |    112 |     14 |      0 |    109 |   1 |  126.0 |
          Lair |  13278 |  12686 |    592 |   4080 |   6984 |   6 | 2213.0 |
        Shoals |   4581 |   4459 |    122 |   2519 |   1457 |   2 | 2290.5 |
  Orcish Mines |   2523 |   2310 |    213 |    788 |   1169 |   2 | 1261.5 |
               +--------+--------+--------+--------+--------+-----+--------+

Top non-repeatable levels by time:
Shoals:1: 2981 daAuts
  Lair:6: 2722 daAuts
  Lair:3: 2537 daAuts
  Lair:5: 2426 daAuts
     D:5: 2319 daAuts
   Orc:2: 2066 daAuts
  Lair:2: 2056 daAuts
    D:10: 2018 daAuts
  Lair:4: 1944 daAuts
    D:11: 1865 daAuts
     D:6: 1685 daAuts
Shoals:2: 1600 daAuts
  Lair:1: 1591 daAuts
     D:9: 1560 daAuts
     D:4: 1547 daAuts
